 Dungeon Crawl Stone Soup version 0.30-a0-591-g3c58d2bc28 (webtiles) character file.

Game seed: 17201861754703406891

84392 kae the Alchemist (level 15, 0/146 HPs)
             Began as a Demonspawn Transmuter on Jan 5, 2023.
             Was the Champion of Ru.
             Slain by an orc warrior
             ... wielding a +0 glaive
             ... led by an orc warlord
              (13 damage)
             ... on level 2 of the Orcish Mines.
             The game lasted 00:27:13 (27054 turns).

kae the Alchemist (Demonspawn Transmuter)          Turns: 27054, Time: 00:27:14

Health: 0/146      AC: 11    Str: 15    XL:     15   Next: 35%
Magic:  0/19       EV: 25    Int: 16    God:    Ru [******]
Gold:   3480       SH:  2    Dex: 15    Spells: 10/20 levels left

rFire   x . .      SeeInvis .      - Unarmed
rCold   + + +      Faith    .    (shield currently unavailable)
rNeg    + . .      Spirit   +    (body armour currently unavailable)
rPois   +          Reflect  .    (helmet currently unavailable)
rElec   .          Harm     .    (cloak currently unavailable)
rCorr   .          Rampage  .    (gloves currently unavailable)
Will    +....                    (boots currently unavailable) Stlth
                                 G - amulet of guardian spirit
HPRegen 0.44/turn                E - +5 ring of evasion
MPRegen 0.16/turn                y - ring of the Octopus King {rN+ HP+2 AC+2 EV+2 SH+2}

@: mighty, agile, ice-form, wereblooded, studying Throwing, unable to read,
unable to drink
A: freezing attack, amphibious, boosted hp, large, (icy blue scales 3), demonic
guardian 2, powered by pain 1, inability to drink after injury 2, inability to
read after injury 2, no stealth, inability to use devices, (demonic touch 2)
a: End Transformation, Renounce Religion, Draw Out Power, Power Leap, Apocalypse


You were on level 2 of the Orcish Mines.
You worshipped Ru.
Ru was exalted by your worship.
You were a creature of crystalline ice.
You visited 3 branches of the dungeon, and saw 22 of its levels.
You also visited: Ossuary and Bailey.

You collected 3637 gold pieces.
You spent 157 gold pieces at shops.


Innate Abilities, Weirdness & Mutations

You are a creature of crystalline ice.
You have a powerful freezing melee attack.
You are amphibious.
Your maximum health is increased.
Your armour is entirely melded.
You are incapable of wielding weapons or throwing items.
((You are completely covered in icy blue scales. (AC +4, rC+)))
A demonic guardian rushes to your aid.
You sometimes gain a little power by taking damage.
You sometimes lose the ability to drink potions when taking damage.
You sometimes lose the ability to read scrolls when taking damage.
You cannot be stealthy.
You cannot study or use magical devices.
((Your touch may inflict irresistible damage on your foes.))


   Skills:
 + Level 12.1 Fighting
 + Level 7.7 Dodging
 + Level 12.7 Unarmed Combat
 - Level 3.1 Spellcasting
 * Level 17.2 Transmutations
 - Level 5.0 Ice Magic
 - Level 1.0 Poison Magic


You had 10 spell levels left.
You knew the following spells:

 Your Spells              Type           Power      Damage    Failure   Level
a - Beastly Appendage     Tmut           100%       N/A       0%          1
b - Wereblood             Tmut           55%        N/A       1%          2
c - Spider Form           Tmut/Pois      31%        N/A       1%          3
d - Ice Form              Ice/Tmut       38%        N/A       1%          4

Your spell library contained the following spells:

 Spells                   Type           Power      Damage    Failure   Level
 Ignite Poison            Fire/Tmut/Pois 22%        N/A       4%          3
 Poisonous Vapours        Pois/Air       8%         N/A       22%         2
 Cigotuvi's Dreadful Rot  Necr/Pois/Air  6%         N/A       24%         2
 Blink                    Tloc           4%         N/A       28%         2
 Momentum Strike          Conj/Tloc      4%         3d8       28%         2
 Static Discharge         Conj/Air       4%         2-3/arc   28%         2
 Mephitic Cloud           Conj/Pois/Air  3%         N/A       43%         3
 Call Canine Familiar     Summ           2%         N/A       50%         3
 Inner Flame              Hex/Fire       2%         N/A       50%         3
 Lesser Beckoning         Tloc           4%         N/A       50%         3
 Portal Projectile        Hex/Tloc       4%         N/A       50%         3
 Vhi's Electric Charge    Tloc/Air       4%         N/A       50%         3
 Cause Fear               Hex            1%         N/A       88%         4
 Flame Wave               Conj/Fire      2%         2d4       88%         4
 Leda's Liquefaction      Hex/Erth       1%         N/A       88%         4
 Sticky Flame             Conj/Fire      2%         2d3       88%         4
 Arcjolt                  Conj/Air       1%         1d11      99%         5
 Lightning Bolt           Conj/Air       1%         1d12      99%         5
 Borgnjor's Revivificati  Necr           1%         N/A       100%        8
 Discord                  Hex            1%         N/A       100%        8
 Ignition                 Fire           1%         3d3       100%        8
 Necromutation            Tmut/Necr      15%        N/A       100%        8
 Chain Lightning          Conj/Air       1%         3d1       100%        9
 Death's Door             Necr           1%         N/A       100%        9
 Fire Storm               Conj/Fire      1%         7d1       100%        9
 Shatter                  Erth           1%         3d5*      100%        9

Inventory:

Missiles
 d - 176 stones
 f - 52 poisoned darts
 h - 2 datura-tipped darts
 m - 11 atropa-tipped darts
 n - 2 throwing nets {=f!f}
 p - 11 boomerangs
 C - 15 curare-tipped darts {=f}
 H - 7 javelins
Armour
 a - a +1 robe (melded)
Magical Staves
 l - a staff of cold {!a}
   (You found it on level 3 of the Dungeon)
 N - a staff of earth {!a}
   (You took it off a centaur on level 9 of the Dungeon)
 Q - a staff of air {!a}
   (You found it on level 11 of the Dungeon)
 Y - a staff of fire {!a}
   (You found it on level 2 of the Lair of Beasts)
Jewellery
 c - a ring of ice
   (You took it off a kobold on level 8 of the Dungeon)
 e - a +5 ring of evasion
   (You found it on level 6 of the Dungeon)
 y - a ring of the Octopus King (right front paw) {rN+ HP+2 AC+2 EV+2 SH+2}
   (You found it on level 2 of the Lair of Beasts)

   [ring of positive energy]

   AC:        It affects your AC (+2).
   EV:        It affects your evasion (+2).
   rN:        It protects you from negative energy.
   HP:        It affects your health (+2).
   SH:        It affects your SH (+2).
 D - a +6 ring of dexterity
   (You found it on level 7 of the Dungeon)
 E - a +5 ring of evasion (left front paw)
   (You found it on level 6 of the Dungeon)
 F - a ring of protection from fire
   (You found it on level 1 of the Dungeon)
 G - an amulet of guardian spirit (around neck)
   (You found it on level 4 of the Dungeon)
 L - a +5 ring of evasion
   (You took it off a wight on level 9 of the Dungeon)
 O - a +5 ring of evasion
   (You found it on level 10 of the Dungeon)
 U - a ring of willpower
   (You found it on level 1 of the Lair of Beasts)
 V - the ring of Loudghiw {rC+ rN+}
   (You found it on level 14 of the Dungeon)

   [ring of protection from cold]

   rC:        It protects you from cold.
   rN:        It protects you from negative energy.
 Z - a ring of wizardry
   (You found it on level 13 of the Dungeon)
Scrolls
 j - 7 scrolls of fear
 o - 11 scrolls of identify {@r1}
 q - a scroll of enchant armour
 r - 4 scrolls of blinking {!r}
 s - 2 scrolls of brand weapon
 v - 3 scrolls of enchant weapon
 w - 3 scrolls of vulnerability {!r!r}
 x - 2 scrolls of immolation {!r!r}
 M - 4 scrolls of poison {!r}
 R - 6 scrolls of teleportation {@r4}
 S - 2 scrolls of silence {!r}
 T - 5 scrolls of magic mapping {!r}
 W - a scroll of fog
Potions
 b - 8 potions of lignification {!q}
 g - 20 potions of curing {@q1}
 i - 4 potions of brilliance
 k - 6 potions of might
 t - 2 potions of flight
 u - a potion of ambrosia
 A - 3 potions of heal wounds {@q2}
 B - 2 potions of haste {@q3}
 I - 3 potions of attraction {!q}
 J - 5 potions of magic
 K - 4 potions of resistance
 P - a potion of mutation {!q}
 X - a potion of cancellation
Miscellaneous
 z - a phial of floods
   (You found it on level 13 of the Dungeon)

Dungeon Overview and Level Annotations

Branches:
Dungeon (15/15) Zot: 25122  Temple (0/1) D:5            Lair (5/5) D:10 Zot: 22162
 Shoals (0/4) Lair:3        Snake (0/4) Lair:3        Slime (0/5) Lair:4
    Orc (2/2) D:12 Zot: 11276  Vaults (0/5) D:13         Depths (0/4) D:15
Ossuary (visited)          Bailey (visited)
    Elf: Orc:2

Altars:
Ashenzari
Dithmenos
Fedhas
Gozag
Hepliaklqana
Makhleb
Nemelex Xobeh
Qazlal
Ru
Sif Muna
Trog
Uskayaw
Vehumet
Wu Jian
Jiyva

Shops:
D:5 *   D:7 *   D:11 *   D:13 *((   Orc:2 (

Portals:
Trove: D:13 (give +4 storm dragon scales)

Annotations:
D:15 2 transporters, Zemnit's ghost, adept OgFi
Lair:3 exclusion: oklob plant
Lair:5 2 runed translucent doors

..........# #...
...........# #...
...........# ##..
)..........######## #...
............##....# ##..
.............#....#####.
......o.#....###...##..[
......)#......##........
.....ooY3..#..##........
..###oo#.###...###......
###### ##..#..).[...
#...#.....<.
##.....#....
#......###.. #.......#
#.. ##......###..
#####..#....


You could see an orc sorcerer (strong, ally target), 2 orc warriors, 2 orcs and
a friendly sixfirhy (summoned).


Message History

You focus on the pain.
You feel agile all of a sudden. The orc completely misses you.
You pummel the orc warlord!! You freeze the orc warlord.
The orc hits you but does no damage. The orc sorcerer casts a spell at you.
The bolt of fire hits the orc!!
The orc dies!
The bolt of fire misses you. The orc warrior misses you.
An orc comes into view. It is wielding a +0 mace.
The orc priest begins to pray, but is stunned by your conviction!
The orc misses you.
The orc warrior is stunned by your conviction and fails to attack. 😕 HP[-17] MP[-2]
You take 17 damage, and now have 126/146 hp.
You lost 2 mp, and now have 12/19 mp.
You pummel the orc warlord!! You freeze the orc warlord.
You redirect the orc sorcerer's attack!
The orc warrior barely misses you. The orc warlord barely misses you.
You block the orc's attack.
You pummel the orc warlord!! You freeze the orc warlord!
The orc warrior no longer looks unusually strong.
The orc warrior unwields a +0 arbalest.
The orc warrior wields a +0 broad axe.
The orc warrior closely misses you. 😕 HP[+1]
You punch the orc warlord! You freeze the orc warlord.
The orc priest no longer looks unusually strong.
The orc no longer looks unusually strong.
The orc sorcerer no longer looks unusually strong.
The orc warrior misses you.
The orc warlord roars a battlecry!
The orcs go into a battle-frenzy!
The orc misses you.
You barely miss the orc warlord.
The orc warrior no longer looks unusually strong.
The orc warrior misses you.
You redirect the orc warlord's attack!
The orc warlord completely misses you.
The orc is stunned by your conviction and fails to attack. 😕 HP[+1] MP[+1]
You punch the orc warlord! You freeze the orc warlord.
You feel a bit better.
You kill the orc warlord!
The orc no longer looks unusually strong. x2
The orc warrior closely misses you. The orc sorcerer casts a spell at you.
The bolt of fire misses you. The orc warrior misses you.
The orc hits you with a +0 war axe!
You barely miss the orc sorcerer.
The orc warrior barely misses you. 😕 HP[-8] MP[-1]
You take 8 damage, and now have 120/146 hp.
You lost 1 mp, and now have 12/19 mp.
You closely miss the orc sorcerer.
The orc warrior hits you but does no damage.
The orc sorcerer points at you and mumbles some strange words.
You suddenly lose the ability to move!
The orc warrior hits you from afar with a +0 glaive!
You feel threatened and lose the ability to drink potions!
The orc priest begins to pray, but is stunned by your conviction!
The orc hits you but does no damage.
The orc warrior hits you with a +0 broad axe.
The orc no longer looks unusually strong.
The orc warrior hits you from afar with a +0 glaive.
The orc sorcerer points at you and mumbles some strange words.
The bolt of fire hits you!!! The fire burns you terribly!
You feel threatened and lose the ability to read scrolls!
* * * LOW HITPOINT WARNING * * *
A demonic guardian appears!
You focus on the pain.
You feel very mighty all of a sudden.
The orc warrior hits you from afar with a +0 glaive!
* * * LOW HITPOINT WARNING * * *
The orc priest begins to pray, but is stunned by your conviction!
The orc hits you with a +0 war axe.
* * * LOW HITPOINT WARNING * * *
The orc warrior hits you with a +0 broad axe.
* * * LOW HITPOINT WARNING * * *
The orc warrior hits you from afar with a +0 glaive!!
* * * LOW HITPOINT WARNING * * *
You focus on the pain.
You feel more agile all of a sudden. The orc hits you but does no damage.
The orc warrior hits you from afar with a +0 glaive!
* * * LOW HITPOINT WARNING * * *
The orc hits you but does no damage.
You can move again.
You are too injured to fight recklessly!
You pummel the orc warrior!! You freeze the orc warrior.
You feel a bit better.
You kill the orc warrior!
The orc warrior no longer looks unusually strong.
The orc warrior hits you from afar with a +0 glaive!
* * * LOW HITPOINT WARNING * * *
The orc warrior hits you but does no damage.
The orc closely misses you.
You pummel the orc!! You freeze the orc.
You feel a bit better.
You kill the orc!
Your sixfirhy misses the orc. Your sixfirhy hits the orc.
Your sixfirhy shocks the orc!
The orc dies!
The orc warrior misses you. The orc sorcerer closely misses you.
The orc warrior hits you from afar with a +0 glaive!
You die...

Skill      XL: |  1  2  3  4  5  6  7  8  9 10 11 12 13 14 15 |
---------------+----------------------------------------------+-----
Transmutations | 2 3 4 5 7 9 11 12 14 15 16 17 | 17.2
Unarmed Combat | 3 4 5 7 8 9 10 11 12 | 12.7
Poison Magic   | 1 |  1.0
Spellcasting   | 3 |  3.1
Ice Magic      | 2 3 5 |  5.0
Fighting       | 3 5 7 9 10 11 12 | 12.1
Dodging        | 2 5 7 |  7.7

Action                   |  1- 3 |  4- 6 |  7- 9 | 10-12 | 13-15 || total
-------------------------+-------+-------+-------+-------+-------++-------
Melee: Unarmed           |    95 |   105 |   318 |   628 |   851 ||  1997
       Kick              |    24 |    14 |    10 |       |       ||    48
       Headbutt          |     6 |     7 |     4 |       |       ||    17
       Touch             |    11 |     5 |     1 |     1 |       ||    18
       Punch             |       |       |     1 |     1 |       ||     2
 Cast: Beastly Appendage |    26 |    14 |     6 |       |       ||    46
       Spider Form       |     1 |     5 |     5 |       |       ||    11
       Wereblood         |       |     1 |     5 |     9 |    15 ||    30
       Ice Form          |       |     1 |    22 |    57 |    82 ||   162
Invok: Sacrifice Artific |       |       |     1 |       |       ||     1
       Sacrifice Stealth |       |       |     1 |       |       ||     1
       Power Leap        |       |       |       |     1 |       ||     1
       Sacrifice Words   |       |       |       |     1 |       ||     1
       Draw Out Power    |       |       |       |     1 |     4 ||     5
       Sacrifice Drink   |       |       |       |     1 |       ||     1
  Use: Scroll            |     5 |     4 |     8 |     9 |     7 ||    33
       Potion            |       |       |       |       |     4 ||     4
 Stab: Distracted        |       |     1 |     1 |     2 |     2 ||     6
       Sleeping          |       |       |     1 |       |       ||     1
       Invisible         |       |       |       |     2 |    10 ||    12
       Paralysed         |       |       |       |     1 |     7 ||     8
Armor: Robe              |    19 |    20 |    18 |     2 |     4 ||    63
       Skin              |     1 |     2 |    62 |   107 |   227 ||   399
Dodge: Dodged            |    80 |    73 |   251 |   577 |   759 ||  1740
Block: Other             |       |       |       |     5 |    50 ||    55

Levels and vault maps discovered:
D:1:      scummos_arrival_hexagon, layout_loops_corners, minmay_hedge_maze,
          minmay_pentomino_s4
D:2:      layout_rooms, uniq_sigmund
D:3:      layout_basic, grunt_temple_overflow_open,
          chequers_ecumenical_altar_simple, minmay_goblin_outpost
D:4:      nicolae_cairo_tiling_very_big, layout_rooms,
          mainiacjoe_overflow_surrounded_room, minivault_19,
          minmay_misc_feat_rugged
D:5:      layout_loops_cross, nicolae_overflow_crystal_walls, minitemple,
          minmay_temple_entry_slanted, serial_shops, shop, minmay_manual_mail
D:6:      layout_cave_pools
D:7:      layout_loops_corners, old_standard_altar, serial_shops, shop
D:8:      layout_basic, lightli_ossuary_entry_decrepit_ruins, enter_bailey_6
D:9:      layout_rooms, nicolae_qazlal_eye_of_the_storm, kennysheep_little_box,
          trog_wizard, minmay_pinched_square
D:10:     layout_long_grid, lair_entry_dummy
D:11:     layout_irregular_city, nicolae_good_shop, uniq_amaemon
D:12:     layout_basic, erik_orc_2, uniq_erolcha, uniq_frances, uniq_rupert,
          uniq_urug
D:13:     layout_basic, grunt_vaults_entry_fortified, enter_trove_6,
          gauntlet_entry_generic, serial_shops, nicolae_shop_crystal, shop,
          shop, minmay_radiant
D:14:     layout_roguey
D:15:     grunt_enter_depths_snipers, layout_basic,
          gammafunk_ghost_wrathful_warriors, nicolae_ru_the_path_less_chosen
Lair:1:   layout_hall_layers, grunt_megastairs_4, lemuel_fruit_fields
Lair:2:   layout_gridlike, basic_altar, serial_rivers,
          chequers_serial_rivers_room_a, chequers_serial_rivers_micro_b,
          chequers_serial_rivers_micro_c, chequers_serial_rivers_micro_b,
          chequers_serial_rivers_small_b, serial_bayou_pond_c
Lair:3:   minmay_lair_oklob_chamber, layout_cave_pods,
          elwin_shoals_entry_stream, minmay_snake_entry_guardpost_small
Lair:4:   layout_cave_pods, slime_entry_1, cheibrodos_lair_lostbears
Lair:5:   cheibrodos_lair_end_hotspot, layout_cave_shapes
Orc:1:    layout_diamond_mine, basic_altar, hangedman_feature_mirror
Orc:2:    grunt_orc_community_town_hall, layout_diamond_mine,
          grunt_orc_community_big_house_2, grunt_orc_community_big_house_2,
          grunt_orc_community_house_2, grunt_orc_community_house_2,
          grunt_orc_community_house_2, grunt_orc_community_house_3,
          grunt_orc_community_house_1, serial_shops, shop_fountains,
          lightli_orcish_oven

Notes
Turn   | Place    | Note
-------+----------+-------------------------------------------
     0 | D:1      | kae the Demonspawn Transmuter began the quest for the Orb.
     0 | D:1      | Reached XP level 1. HP: 15/15 MP: 3/3
     0 | D:1      | magus.rc [v1.11.3]
    77 | D:1      | Reached skill level 2 in Transmutations
   217 | D:1      | Gained mutation: Your touch may inflict minor irresistible
                  | damage on your foes. [demonic ancestry]
   217 | D:1      | Reached XP level 2. HP: 19/21 MP: 3/5
   638 | D:1      | HP: 4/21 [kobold/+0 club (4)]
   750 | D:1      | Reached skill level 3 in Unarmed Combat
   768 | D:1      | Gained mutation: You are partially covered in icy blue
                  | scales. (AC +2) [demonic ancestry]
   768 | D:1      | Reached XP level 3. HP: 26/26 MP: 4/6
   772 | D:1      | Learned a level 2 spell: Wereblood
   776 | D:1      | Learned a level 3 spell: Spider Form
  1209 | D:2      | You pick up a book of Flames and begin reading...
  1209 | D:2      | You add the spells Inner Flame, Sticky Flame and Flame Wave
                  | to your library.
  1228 | D:2      | Noticed Sigmund
  1384 | D:3      | Reached skill level 1 in Poison Magic
  1409 | D:3      | You pick up a book of the Hunter and begin reading...
  1409 | D:3      | You add the spells Call Canine Familiar, Portal Projectile
                  | and Leda's Liquefaction to your library.
  1438 | D:3      | Found a faded altar of an unknown god.
  1475 | D:2      | Reached skill level 3 in Transmutations
  1475 | D:2      | Gained mutation: You sometimes gain a little power by
                  | taking damage. [demonic ancestry]
  1475 | D:2      | Reached XP level 4. HP: 22/32 MP: 4/7
  1608 | D:2      | Killed Sigmund
  1609 | D:2      | Reached skill level 3 in Spellcasting
  1609 | D:2      | Reached skill level 4 in Transmutations
  1609 | D:2      | Gained mutation: A weak demonic guardian rushes to your
                  | aid. [demonic ancestry]
  1609 | D:2      | Reached XP level 5. HP: 29/37 MP: 2/9
  1771 | D:3      | Found an opulent altar of Gozag.
  1774 | D:3      | Found a radiant altar of Vehumet.
  1774 | D:3      | Found a hazy altar of Hepliaklqana.
  1777 | D:3      | Found a shadowy altar of Dithmenos.
  1777 | D:3      | Found an ornate altar of the Wu Jian Council.
  1778 | D:3      | Found a sacrificial altar of Ru.
  1790 | D:3      | Became a worshipper of Ru the Awakened
  1797 | D:3      | Learned a level 4 spell: Ice Form
  1996 | D:3      | Gained mutation: You are mostly covered in icy blue scales.
                  | (AC +3) [demonic ancestry]
  1996 | D:3      | Reached XP level 6. HP: 42/43 MP: 6/10
  2151 | D:4      | Reached skill level 1 in Ice Magic
  2507 | D:4      | Reached skill level 4 in Unarmed Combat
  2507 | D:4      | Reached skill level 2 in Ice Magic
  2572 | D:4      | Gained mutation: You are completely covered in icy blue
                  | scales. (AC +4, rC+) [demonic ancestry]
  2572 | D:4      | Reached XP level 7. HP: 48/48 MP: 6/11
  2635 | D:4      | Identified the +1 leather armour of the Eggfruit {Harm
                  | rElec}
  2702 | D:4      | Reached skill level 5 in Transmutations
  3087 | D:5      | Entered Level 5 of the Dungeon
  3160 | D:5      | Reached skill level 3 in Ice Magic
  3309 | D:5      | Found Daonysirch's General Store.
  3317 | D:5      | Bought a scroll of identify for 24 gold pieces
  3366 | D:5      | You pick up a book of Lightning and begin reading...
  3366 | D:5      | You add the spells Static Discharge, Vhi's Electric Charge,
                  | Lightning Bolt and Arcjolt to your library.
  3369 | D:5      | Identified the +2 chain mail of Disappointment {rPois rN++}
  3537 | D:5      | Found a shimmering blue altar of Sif Muna.
  3683 | D:5      | Gained mutation: You cannot study or use magical devices.
                  | [Ru sacrifice]
  3683 | D:5      | Reached * piety under Ru
  3683 | D:5      | Reached ** piety under Ru
  3841 | D:5      | Reached XP level 8. HP: 36/54 MP: 2/12
  3846 | D:5      | Reached skill level 6 in Transmutations
  3846 | D:5      | Reached skill level 4 in Ice Magic
  3870 | D:5      | Reached skill level 5 in Unarmed Combat
  4024 | D:5      | You pick up a book of Hexes and begin reading...
  4024 | D:5      | You add the spells Cause Fear and Discord to your library.
  4093 | D:5      | Found a staircase to the Ecumenical Temple.
  4187 | D:5      | Found a hide-covered altar of Uskayaw.
  4187 | D:5      | Found a broken altar of Ashenzari.
  4192 | D:5      | Found a sparkling altar of Nemelex Xobeh.
  4253 | D:5      | Reached skill level 5 in Ice Magic
  4346 | D:5      | Reached skill level 7 in Transmutations
  4587 | D:6      | Reached XP level 9. HP: 39/59 MP: 5/13
  4590 | D:6      | Identified the +1 chain mail of Weightlessness {rElec rC+
                  | Str+4 Int-4}
  4936 | D:6      | Reached skill level 6 in Unarmed Combat
  4936 | D:6      | Reached skill level 8 in Transmutations
  5175 | D:7      | Found Hyelor's General Store.
  5183 | D:7      | Bought a scroll of identify for 28 gold pieces
  5183 | D:7      | Bought a scroll of blinking for 105 gold pieces
  5801 | D:7      | Found a burning altar of Makhleb.
  6165 | D:8      | Reached skill level 2 in Fighting
  6180 | D:8      | Found a flagged portal.
  6193 | D:8      | Gained mutation: You cannot be stealthy. [Ru sacrifice]
  6193 | D:8      | Reached *** piety under Ru
  6195 | Bailey   | Entered a bailey
  6248 | Bailey   | Reached skill level 9 in Transmutations
  6284 | Bailey   | Reached skill level 3 in Fighting
  6299 | Bailey   | Reached skill level 7 in Unarmed Combat
  6303 | Bailey   | Found a bloodstained altar of Trog.
  6423 | D:8      | Found a sand-covered staircase.
  6426 | Ossuary  | Entered an ossuary
  6486 | Ossuary  | Reached XP level 10. HP: 70/70 MP: 10/14
  7733 | D:9      | Reached skill level 4 in Fighting
  7775 | D:9      | Noticed a two-headed ogre
  7788 | D:9      | Killed a two-headed ogre
  7789 | D:9      | Reached skill level 10 in Transmutations
  7819 | D:8      | HP: 19/87 [poisoned by a killer bee]
  7824 | D:8      | HP: 12/87 [poisoned by a killer bee]
  8176 | D:9      | Noticed an entropy weaver
  8372 | D:9      | Noticed a red ugly thing
  8384 | D:9      | Killed a white ugly thing
  8385 | D:9      | Reached skill level 5 in Fighting
  8446 | D:9      | Reached skill level 8 in Unarmed Combat
  8707 | D:9      | You add the spells Borgnjor's Revivification, Necromutation
                  | and Death's Door to your library.
  8722 | D:9      | Identified the +5 dire flail of the Real Monster {heavy,
                  | Contam rElec rC++ SInv}
  8722 | D:9      | Noticed a tengu warrior
  8733 | D:9      | Killed a tengu warrior
  8733 | D:9      | HP: 22/88 [orc warrior/+0 long sword (4)]
  8734 | D:9      | Reached skill level 11 in Transmutations
  8831 | D:9      | Gained mutation: You occasionally lose the ability to read
                  | scrolls when taking damage. [Ru sacrifice]
  8831 | D:9      | Gained mutation: You sometimes lose the ability to read
                  | scrolls when taking damage. [Ru sacrifice]
  8831 | D:9      | Reached **** piety under Ru
  8840 | D:9      | Reached XP level 11. HP: 52/81 MP: 6/15
  9065 | D:9      | Found a stormy altar of Qazlal.
  9147 | D:9      | Found a blossoming altar of Fedhas.
  9206 | D:9      | Found a bloodstained altar of Trog.
  9207 | D:9      | Noticed a wizard
  9213 | D:9      | Killed a wizard
  9243 | D:10     | Entered Level 10 of the Dungeon
  9393 | D:10     | Reached skill level 6 in Fighting
  9439 | D:10     | Noticed a two-headed ogre
  9451 | D:10     | Killed a two-headed ogre
 10135 | D:10     | Found a staircase to the Lair.
 10646 | D:11     | Identified the +0 dagger of the Enchanting Oracle {flame,
                  | rElec Int+3}
 10852 | D:11     | Noticed Amaemon
 10870 | D:11     | Killed Amaemon
 10960 | D:11     | Reached skill level 12 in Transmutations
 11155 | D:11     | Noticed an angel
 11157 | D:11     | Found Ficsul's Hallowed Reliquary.
 11368 | Lair:1   | Entered Level 1 of the Lair of Beasts
 11374 | Lair:1   | Reached skill level 7 in Fighting
 11374 | Lair:1   | Reached skill level 9 in Unarmed Combat
 11496 | Lair:1   | You add the spells Ignite Poison and Ignition to your
                  | library.
 12610 | Lair:2   | Found a shadowy altar of Dithmenos.
 12636 | Lair:2   | Noticed a death yak
 12655 | Lair:2   | Killed a death yak
 12658 | Lair:2   | Noticed a death yak
 12659 | Lair:2   | Noticed a death yak
 12663 | Lair:2   | Noticed a death yak
 12664 | Lair:2   | Noticed a death yak
 12665 | Lair:2   | Noticed a death yak
 12668 | Lair:2   | Killed a death yak
 12669 | Lair:2   | Reached XP level 12. HP: 65/92 MP: 7/16
 12678 | Lair:2   | Killed a death yak
 12684 | Lair:2   | Killed a death yak
 12685 | Lair:2   | Reached skill level 8 in Fighting
 12685 | Lair:2   | Reached skill level 13 in Transmutations
 12687 | Lair:2   | Killed a death yak
 12690 | Lair:2   | Killed a death yak
 12934 | Lair:2   | Noticed a death yak
 12934 | Lair:2   | Noticed a death yak
 12935 | Lair:2   | Noticed a death yak
 12937 | Lair:2   | Noticed a death yak
 12945 | Lair:2   | Noticed a death yak
 12950 | Lair:2   | Killed a death yak
 12957 | Lair:2   | Killed a death yak
 12960 | Lair:2   | Killed a death yak
 12961 | Lair:2   | Reached skill level 10 in Unarmed Combat
 12964 | Lair:2   | HP: 27/112 [death yak (22)]
 12965 | Lair:2   | Killed a death yak
 12966 | Lair:2   | Gained mutation: You occasionally lose the ability to drink
                  | potions when taking damage. [Ru sacrifice]
 12966 | Lair:2   | Gained mutation: You sometimes lose the ability to drink
                  | potions when taking damage. [Ru sacrifice]
 12966 | Lair:2   | Reached ***** piety under Ru
 12966 | Lair:2   | Reached ****** piety under Ru
 12971 | Lair:2   | Killed a death yak
 13330 | Lair:2   | Found the ring of the Octopus King
 13344 | Lair:2   | Identified a ring of the Octopus King {rN+ HP+2 AC+2 EV+2
                  | SH+2}
 13495 | Lair:2   | Noticed a five-headed hydra
 13501 | Lair:2   | Killed a five-headed hydra
 13502 | Lair:2   | Reached skill level 9 in Fighting
 13502 | Lair:2   | Reached skill level 14 in Transmutations
 13784 | Lair:3   | Found a staircase to the Snake Pit.
 13786 | Lair:3   | Noticed a boulder beetle
 13807 | Lair:3   | Reached skill level 2 in Dodging
 14493 | Lair:3   | You pick up a book of Vapours and begin reading...
 14493 | Lair:3   | You add the spells Poisonous Vapours, Cigotuvi's Dreadful
                  | Rot and Mephitic Cloud to your library.
 14614 | Lair:3   | Found a staircase to the Shoals.
 15446 | Lair:4   | Noticed an eight-headed hydra
 15452 | Lair:4   | Gained mutation: Your touch may inflict irresistible damage
                  | on your foes. [demonic ancestry]
 15452 | Lair:4   | Reached XP level 13. HP: 101/101 MP: 12/17
 15510 | Lair:4   | Reached skill level 3 in Dodging
 15777 | Lair:4   | Found a viscous altar of Jiyva.
 15777 | Lair:4   | Found a staircase to the Slime Pits.
 15811 | Lair:4   | Identified the +10 whip of Light {flame, rCorr}
 16462 | Lair:5   | Entered Level 5 of the Lair of Beasts
 16486 | Lair:4   | HP: 26/123 [elephant (5)]
 17218 | Lair:5   | Reached skill level 4 in Dodging
 17239 | Lair:5   | Reached skill level 11 in Unarmed Combat
 17338 | Lair:5   | Reached skill level 10 in Fighting
 17365 | Lair:4   | Reached skill level 15 in Transmutations
 17625 | Lair:5   | Identified a scroll of acquirement
 17881 | Lair:5   | Reached skill level 5 in Dodging
 18488 | Lair:5   | Found a large runed translucent door.
 18489 | Lair:5   | Noticed a fire dragon
 18490 | Lair:5   | Found a large runed translucent door.
 19350 | D:12     | Noticed Erolcha
 19362 | D:12     | Reached XP level 14. HP: 75/111 MP: 13/18
 19587 | D:12     | Killed Erolcha
 20042 | D:12     | You pick up a book of Annihilations and begin reading...
 20042 | D:12     | You add the spells Chain Lightning, Fire Storm and Shatter
                  | to your library.
 20106 | D:12     | Noticed Urug
 20122 | D:12     | Killed Urug
 20124 | D:12     | a +4 double sword {rare}; a +2 chain mail of positive
                  | energy; the orc corpse of Urug
 20223 | D:12     | Noticed Frances
 20309 | D:12     | Acquired 1164 gold pieces
 20361 | D:12     | Killed Frances
 20632 | D:12     | Noticed Rupert
 20636 | D:12     | Paralysed by Rupert for 2 turns
 20646 | D:12     | Killed Rupert
 20837 | D:12     | Found a staircase to the Orcish Mines.
 21121 | D:13     | Reached skill level 6 in Dodging
 21130 | D:12     | Reached skill level 11 in Fighting
 21130 | D:12     | Reached skill level 16 in Transmutations
 21436 | D:13     | Found Konatad's Antique Weapon Shop.
 21441 | D:13     | Found Purchica's Assorted Antiques.
 21470 | D:13     | Found a portal to a secret trove of treasure.
 21473 | D:13     | This trove needs +4 storm dragon scales to function. Give
                  | it the item?
 21595 | D:13     | Reached skill level 12 in Unarmed Combat
 21614 | D:13     | Found a gate to the Vaults.
 21619 | D:13     | HP: 33/138 [vault guard/+0 long sword (9)]
 21624 | D:13     | HP: 33/134 [vault guard/+0 long sword (5)]
 21672 | D:13     | Found Pusialov's Weapon Shop.
 22278 | D:13     | Noticed a fire giant
 22586 | D:13     | Killed a fire giant
 23093 | D:13     | This trove needs +4 storm dragon scales to function. Give
                  | it the item?
 23093 | D:13     | This trove needs +4 storm dragon scales to function. Give
                  | it the item?
 23148 | D:13     | HP: 26/138 [skeletal warrior/+0 war axe (15)]
 23626 | D:14     | Identified the ring of Loudghiw {rC+ rN+}
 23728 | D:14     | Reached skill level 7 in Dodging
 24421 | D:15     | Entered Level 15 of the Dungeon
 24537 | D:15     | Gained mutation: A demonic guardian rushes to your aid.
                  | [demonic ancestry]
 24537 | D:15     | Reached XP level 15. HP: 105/120 MP: 13/19
 25111 | D:15     | Found a bloodstained altar of Trog.
 25111 | D:15     | Noticed Zemnit's ghost (adept OgFi)
 25121 | D:15     | Found a transporter.
 25123 | D:15     | You pick up a book of Spatial Translocations and begin
                  | reading...
 25123 | D:15     | You add the spells Blink, Momentum Strike and Lesser
                  | Beckoning to your library.
 25131 | D:15     | Found a transporter.
 25219 | D:15     | Found a sacrificial altar of Ru.
 25275 | D:15     | Found a staircase to the Depths.
 25503 | D:15     | Reached skill level 17 in Transmutations
 25517 | D:15     | HP: 27/146 [phantasmal warrior[a death knight] (26)]
 25684 | D:15     | Identified a +2 robe of the Archmagi
 25753 | D:15     | Reached skill level 12 in Fighting
 26315 | Orc:1    | Entered Level 1 of the Orcish Mines
 26478 | Orc:2    | Entered Level 2 of the Orcish Mines
 26670 | Orc:1    | Found a bloodstained altar of Trog.
 26869 | Orc:2    | Found Sinon's Antique Weapon Boutique.
 27050 | Orc:2    | Paralysed by an orc sorcerer for 2 turns
 27052 | Orc:2    | HP: 28/146 [orc warrior/+0 glaive[an orc warlord] (29)]
 27053 | Orc:2    | HP: 11/146 [orc warrior/+0 glaive[an orc warlord] (11)]
 27054 | Orc:2    | Slain by an orc warrior

Vanquished Creatures
  Rupert (D:12)
  Frances (D:12)
  A fire giant (D:13)
  An orc warlord (Orc:2)
  A stone giant (D:15)
  5 vault guards (D:13)
  2 ogre magi (D:15)
  Erolcha (D:12)
  5 centaur warriors
  4 hydras
  10 two-headed ogres
  4 boulder beetles
  A death knight (D:15)
  10 death yaks (Lair:2)
  5 tengu warriors
  Urug (D:12)
  Amaemon (D:11)
  4 skeletal warriors (D:13)
  2 lindwurms
  A phantasmal warrior (D:15)
  2 wizards
  2 deep elf pyromancers
  An orc knight (D:12)
  2 ugly things
  A manticore (D:12)
  7 cyclopes
  A merfolk siren (Lair:3)
  7 black mambas
  14 elephants
  2 molten gargoyles
  An unseen horror (D:12)
  A gargoyle (D:13)
  An orange demon (D:11)
  9 cane toads
  A yaktaur (D:15)
  An efreet (D:14)
  2 rime drakes (Lair:4)
  A freezing wraith (D:15)
  2 kobold demonologists
  2 tengu conjurers (D:13)
  8 komodo dragons
  3 merfolk (Lair:3)
  5 trolls
  A polar bear (shapeshifter) (D:12)
  A queen bee (shapeshifter) (D:9)
  A hornet (shapeshifter) (D:14)
  A hornet (Lair:4)
  17 blink frogs
  4 polar bears (Lair:4)
  4 dream sheep
  8 wyverns
  3 slime creatures (D:14)
  A shadow (D:12)
  Sigmund (D:2)
  3 wraiths
  5 basilisks
  17 yaks
  8 vampire mosquitoes
  3 nagas (Lair:3)
  A swamp worm (shapeshifter) (D:13)
  3 hell hounds (Lair:5)
  21 orc warriors
  14 water moccasins
  An ice beast (D:8)
  A sky beast (D:6)
  A black bear (D:5)
  6 wolves (Lair:5)
  11 ogres
  15 centaurs
  A phantom (D:4)
  12 kobold brigands
  9 bullfrogs
  2 elf zombies (Ossuary)
  2 gnoll sergeants
  3 scorpions
  6 wights (D:9)
  17 killer bees
  An electric eel (D:12)
  5 howler monkeys
  A centaur zombie (Ossuary)
  3 lava snakes (Lair:5)
  3 human zombies (Ossuary)
  5 hounds
  2 jellies
  A gnoll bouda (D:5)
  11 orc priests
  3 iguanas
  20 orc wizards
  A hound zombie (Ossuary)
  3 mummies (Ossuary)
  14 gnolls
  8 adders
  A shadow imp (D:4)
  A white imp (D:6)
  An ufetubus (D:7)
  3 adder zombies (Ossuary)
  3 worms
  A dart slug (D:4)
  50 orcs
  6 ball pythons
  9 bats
  5 endoplasms
  3 giant cockroaches
  2 gnoll zombies (Ossuary)
  6 goblins
  16 hobgoblins
  3 jackals (D:1)
  24 kobolds
  3 quokkas
  2 frilled lizards
  6 goblin zombies (Ossuary)
  5 hobgoblin zombies (Ossuary)
  2 jackal zombies (Ossuary)
  4 kobold zombies (Ossuary)
  An orc zombie (Ossuary)
  2 quokka zombies (Ossuary)
  7 rats
  3 rat zombies (Ossuary)
591 creatures vanquished.

Vanquished Creatures (collateral kills)
  An ogre mage (D:13)
  A death yak (Lair:2)
  A phantasmal warrior (D:15)
  3 yaks
  A wraith (D:15)
  An orc warrior (Orc:2)
  An ice beast (D:5)
  An ogre (D:5)
  A centaur (D:5)
  An electric eel (D:12)
  2 lava snakes (Lair:5)
  4 gnolls
  An adder (D:4)
  An orc (Orc:2)
  A hobgoblin (D:3)
  A kobold (D:13)
22 creatures vanquished.

Vanquished Creatures (others)
  A hydra (Lair:4)
  A two-headed ogre (D:13)
  A wizard (D:9)
  A polar bear (Lair:4)
  A naga (Lair:3)
  An ogre (D:13)
  2 centaurs
  A kobold brigand (Bailey)
  2 orc wizards
  9 orcs
  9 fungi (Lair:5)
  34 plants
63 creatures vanquished.

Grand Total: 676 creatures vanquished

Table legend:
 A = Non-vault XP
 B = Vault XP
 C = Vault XP percentage of total XP
 D = Non-vault monster count
 E = Vault monster count
 F = Vault count percentage of total count
                 A         B        C        D         E       F
            +---------+---------+-------+---------+---------+-------
      Total |   90483 |   30083 |  25.0 |     459 |     160 |  25.8
            +---------+---------+-------+---------+---------+-------
        D:1 |      39 |       7 |  15.2 |      23 |       4 |  14.8
        D:2 |      38 |     214 |  84.9 |      11 |       1 |   8.3
        D:3 |      96 |      12 |  11.1 |      20 |       6 |  23.1
        D:4 |     515 |       0 |   0.0 |      26 |       0 |   0.0
        D:5 |    1196 |     270 |  18.4 |      28 |       3 |   9.7
        D:6 |     959 |       0 |   0.0 |      12 |       0 |   0.0
        D:7 |     558 |       0 |   0.0 |      14 |       0 |   0.0
        D:8 |     774 |      63 |   7.5 |      15 |       1 |   6.2
        D:9 |    2284 |    2941 |  56.3 |      24 |      13 |  35.1
       D:10 |    2542 |       0 |   0.0 |      26 |       0 |   0.0
       D:11 |    1199 |    1160 |  49.2 |       9 |       2 |  18.2
       D:12 |    7024 |    5468 |  43.8 |      30 |      19 |  38.8
       D:13 |   12179 |    6644 |  35.3 |      35 |      12 |  25.5
       D:14 |    3791 |       0 |   0.0 |      10 |       0 |   0.0
       D:15 |   15813 |    2712 |  14.6 |      26 |       3 |  10.3
     Lair:1 |    1312 |       0 |   0.0 |       4 |       0 |   0.0
     Lair:2 |   15798 |       0 |   0.0 |      39 |       0 |   0.0
     Lair:3 |    1223 |    1841 |  60.1 |       5 |       7 |  58.3
     Lair:4 |    7001 |    2227 |  24.1 |      24 |       7 |  22.6
     Lair:5 |   13506 |    4463 |  24.8 |      42 |      19 |  31.1
      Orc:1 |     558 |       0 |   0.0 |      14 |       0 |   0.0
      Orc:2 |    2078 |     351 |  14.5 |      22 |       6 |  21.4
    Ossuary |       0 |     490 | 100.0 |       0 |      38 | 100.0
     Bailey |       0 |    1220 | 100.0 |       0 |      19 | 100.0
            +---------+---------+-------+---------+---------+-------

Illustrated notes

Table legend:
 A = Kills in this place as a percentage of kills in entire the game.
 B = Kills by you in this place as a percentage of kills by you in the entire game.
 C = Kills by friends in this place as a percentage of kills by friends in the entire game.
 D = Other kills in this place as a percentage of other kills in the entire game.
 E = Experience gained in this place as a percentage of experience gained in the entire game.
 F = Experience gained in this place divided by the number of levels of this place that you have seen.
                   A       B       C       D       E      F
               +-------+-------+-------+-------+-------+----------------------
         Total | 100.0 | 100.0 | 100.0 | 100.0 | 100.0 | 5023.6
       Dungeon |  60.3 |  60.3 |  59.1 |  57.1 |  56.8 | 4566.5
          Lair |  23.7 |  23.7 |  22.7 |  28.6 |  39.3 | 9474.2
  Orcish Mines |   6.8 |   6.4 |  18.2 |   0.0 |   2.5 | 1493.5
       Ossuary |   6.1 |   6.4 |   0.0 |   0.0 |   0.4 | 490.0
        Bailey |   3.1 |   3.1 |   0.0 |  14.3 |   1.0 | 1220.0
               +-------+-------+-------+-------+-------+----------------------

Table legend: (Time is in decaauts)
 A = Elapsed time spent in this place.
 B = Non-inter-level travel time spent in this place.
 C = Inter-level travel time spent in this place.
 D = Time resting spent in this place.
 E = Time spent auto-exploring this place.
 F = Levels seen in this place.
 G = Mean time per level.
                   A        B        C        D        E       F      G
               +--------+--------+--------+--------+--------+-----+--------+
         Total |  26734 |  25663 |   1071 |    969 |  20342 |  24 | 1113.9 |
       Dungeon |  17623 |  16877 |    746 |    649 |  13335 |  15 | 1174.9 |
          Lair |   7838 |   7565 |    273 |    320 |   6231 |   5 | 1567.6 |
  Orcish Mines |    722 |    670 |     52 |      0 |    523 |   2 |  361.0 |
       Ossuary |    409 |    409 |      0 |      0 |    253 |   1 |  409.0 |
        Bailey |    140 |    140 |      0 |      0 |      0 |   1 |  140.0 |
               +--------+--------+--------+--------+--------+-----+--------+

Top non-repeatable levels by time:
  Lair:4: 1968 daAuts
  Lair:5: 1942 daAuts
    D:13: 1940 daAuts
  Lair:2: 1921 daAuts
    D:12: 1918 daAuts
    D:15: 1813 daAuts
     D:9: 1367 daAuts
     D:8: 1267 daAuts
     D:5: 1242 daAuts
  Lair:3: 1221 daAuts
    D:10: 1169 daAuts
     D:1: 1060 daAuts
    D:11: 1049 daAuts
     D:7: 1001 daAuts
    D:14: 994 daAuts
